 Dungeon Crawl Stone Soup version 0.28.0 (webtiles) character file.

Game seed: 5802560755105655553

8813 boopmooplesden the Carver (level 11, -3/95 HPs)
             Began as a Minotaur Fighter on Feb 14, 2022.
             Was a High Priest of Okawaru.
             Killed by divine providence
             ... invoked by an orc priest
              (13 damage)
             ... on level 10 of the Dungeon.
             The game lasted 00:17:57 (12238 turns).

boopmooplesden the Carver (Minotaur Fighter)       Turns: 12238, Time: 00:17:58

Health: -3/95      AC: 17    Str: 30    XL:     11   Next: 14%
Magic:  9/11       EV:  9    Int:  5    God:    Okawaru [*****.]
Gold:   610        SH: 18    Dex: 11    Spells: 10/10 levels left

rFire   . . .      SeeInvis .   c - +5 long sword
rCold   . . .      Faith    .   t - +0 tower shield
rNeg    . . .      Spirit   .   A - +0 plate armour
rPois   .          Reflect  .   (helmet unavailable)
rElec   .          Harm     .   e - scarf {repulsion}
rCorr   .          Rampage  .   (no gloves)
Will    .....      Rnd*Tele +   (no boots)
Stlth   ..........              l - amulet of the acrobat
HPRegen 0.25/turn               j - +6 ring of strength
MPRegen 0.12/turn               (no ring)

@: heroic, repel missiles
A: horns 3, retaliatory headbutt, claws 1, teleportitis 1
a: Renounce Religion, Heroism, Finesse, Duel


You were on level 10 of the Dungeon.
You worshipped Okawaru.
Okawaru was extremely pleased with you.
You visited 2 branches of the dungeon, and saw 11 of its levels.

You collected 610 gold pieces.

Inventory:

Hand Weapons
 a - the +1 dagger "Nuimy" {vorpal, rElec}
   (You found it on level 8 of the Dungeon)

   It inflicts extra damage upon your enemies.
   rElec:     It insulates you from electricity.
 c - a +5 long sword (weapon)
 z - a +5 falchion
 C - a +0 scimitar of flaming
Missiles
 d - 2 silver javelins (quivered)
Armour
 e - a scarf of repulsion (worn)
 t - a +0 tower shield (worn)
 A - a +0 plate armour (worn)
Jewellery
 j - a +6 ring of strength (left claw)
 l - an amulet of the acrobat (around neck)
 s - a ring of flight
 x - a ring of wizardry
 B - a ring of willpower
Wands
 b - a wand of digging (4)
 h - a wand of mindburst (11)
 k - a wand of iceblast (25)
 y - a wand of flame (44)
Scrolls
 g - 3 scrolls of identify
 m - 2 scrolls of teleportation
 o - 2 scrolls of fog
 r - a scroll of blinking
Potions
 f - 3 potions of mutation
 i - 3 potions of flight
 n - 2 potions of curing
 p - 2 potions of degeneration
 q - 2 potions of ambrosia {unknown}
 u - a potion of resistance {unknown}
 v - 2 potions of heal wounds {unknown}
 w - 3 potions of might


   Skills:
 + Level 8.5(13.5) Fighting
 + Level 12.0(17.0) Long Blades
 + Level 0.3(5.3) Throwing
 + Level 10.9(15.9) Armour
 + Level 3.9(8.9) Dodging
 + Level 1.4(6.4) Stealth
 + Level 10.4(15.4) Shields
 + Level 2.0 Invocations


You had 10 spell levels left.
You didn't know any spells.
Your spell library contained the following spells:

 Spells                   Type           Power      Damage    Failure   Level
 Magic Dart               Conj           0%         1d3       100%        1
 Pain                     Necr           0%         1d4       100%        1
 Shock                    Conj/Air       0%         1d3       100%        1
 Gell's Gravitas          Tloc           0%         N/A       100%        3
 Lesser Beckoning         Tloc           0%         N/A       100%        3
 Mephitic Cloud           Conj/Pois/Air  0%         N/A       100%        3
 Swiftness                Air            0%         N/A       100%        3
 Teleport Other           Tloc           0%         N/A       100%        3
 Vampiric Draining        Necr           0%         2d6       100%        3
 Airstrike                Air            0%         N/A       100%        4
 Anguish                  Hex/Necr       0%         N/A       100%        4
 Cause Fear               Hex            0%         N/A       100%        4
 Fulminant Prism          Conj/Hex       0%         3d6       100%        4
 Hailstorm                Conj/Ice       0%         3d3       100%        4
 Ice Form                 Ice/Tmut       0%         N/A       100%        4
 Iskenderun's Mystic Bla  Conj/Tloc      0%         2d3       100%        4
 Passage of Golubria      Tloc           0%         N/A       100%        4
 Lee's Rapid Deconstruct  Erth           0%         3d5*      100%        5
 Yara's Violent Unravell  Hex/Tmut       0%         3d3       100%        5
 Dispersal                Tloc           0%         N/A       100%        6
 Dragon Form              Tmut           0%         N/A       100%        7
 Enfeeble                 Hex            0%         N/A       100%        7
 Animate Skeleton         Necr           Unusable   N/A       N/A         1
 Call Imp                 Summ           Unusable   N/A       N/A         2
 Tukima's Dance           Hex            Unusable   N/A       N/A         3
 Simulacrum               Ice/Necr       Unusable   N/A       N/A         6
 Dragon's Call            Summ           Unusable   N/A       N/A         9

Dungeon Overview and Level Annotations

Branches:
Dungeon (10/15)            Temple (1/1) D:4            Lair (0/6) D:8
    Orc: D:9-12

Altars:
Ashenzari
Cheibriados
Dithmenos
Elyvilon
Fedhas
Gozag
Hepliaklqana
Kikubaaqudgha
Makhleb
Nemelex Xobeh
Okawaru
Qazlal
Ru
Sif Muna
Trog
Uskayaw
Vehumet
Wu Jian
Xom
Yredelemnul
Zin
The Shining One

Annotations:
D:10 Fannar


Innate Abilities, Weirdness & Mutations

You have a pair of large horns on your head.
You reflexively headbutt those who attack you in melee.
You have sharp fingernails.
You are occasionally teleported next to monsters.


Message History

An orc priest comes into view. It is wielding a +0 dagger of speed.
The orc priest shouts!
An orc comes into view.
It is wielding a +0 short sword and wearing a +1 leather armour of cold resistance.
An orc priest comes into view. It is wielding a +0 club.
Found a scroll of identify.
The orc priest shouts!
You block the orc wizard's attack.
The orc priest looks encouraged for a moment.
The orc wizard gestures wildly while chanting.
The orc wizard flickers and vanishes!
Deactivating autopickup; reactivate with Ctrl-A.
The orc priest calls down the wrath of Beogh upon you.
Beogh smites you!
* * * LOW HITPOINT WARNING * * *
You gain the combat prowess of a mighty hero.
A two-headed ogre comes into view.
It is wielding two +0 giant spiked clubs.
You block the orc's attack.
You slice the orc!!
You kill the orc!
Okawaru accepts your kill.
The orc priest casts a cantrip, but nothing happens.
You hit the orc priest but do no damage.
You miss something. You miss something. You block the orc's attack.
The orc priest mumbles some strange prayers to Beogh against you.
Beogh smites you!
* * * LOW HITPOINT WARNING * * *
It was a potion of mutation.
You feel extremely strange. The horns on your head grow some more.
You feel weirdly uncertain.
Your fingernails lengthen.
You hear some strange, mumbled words.
A puff of flame appears from out of thin air!
The puff of flame hits you but does no damage.
You block the orc's attack.
The orc priest looks encouraged for a moment.
It was a potion of curing.
You feel better. You block something's attack. You block the orc's attack.
The orc priest mumbles some strange prayers to Beogh against you.
Beogh smites you!
You die...

................
...............#
###............#
...............#
...............
...............
###############..######
.......ooO.............
.......@{o.............
......########..#######
####. #..# # #..# #..#
#..# .... ...


You could see a two-headed ogre, 2 orc priests and an orc.

Vanquished Creatures
  Erica (D:9)
  A two-headed ogre (D:8)
  A komodo dragon (D:7)
  A shadow (D:6)
  13 yaks (D:9)
  A wyvern (D:9)
  Grum (D:9)
  A steam dragon (D:7)
  Menkaure (D:5)
  A water moccasin (D:7)
  Duvessa (D:6)
  An orc warrior (D:7)
  A hornet zombie (D:8)
  2 sky beasts
  3 ice beasts
  6 ogres
  3 necrophages
  2 centaurs
  A phantom (D:7)
  3 wolves
  2 kobold brigands
  3 gnoll sergeants
  2 bullfrogs
  2 water moccasin zombies
  2 water moccasin skeletons
  Dowan (D:6)
  23 wights
  A howler monkey (D:3)
  An electric eel (D:8)
  3 bullfrog zombies
  6 centaur zombies
  A jelly (D:7)
  4 hounds
  A bullfrog skeleton (D:6)
  An orc priest (D:2)
  An iron imp (D:7)
  3 iguanas
  4 orc wizards
  A scorpion zombie (D:5)
  2 killer bee zombies (D:7)
  A howler monkey zombie (D:9)
  A howler monkey skeleton (D:7)
  13 gnolls
  4 adders
  A white imp (D:6)
  An ufetubus (D:5)
  An adder skeleton (D:5)
  A worm (D:3)
  6 dart slugs
  15 orcs
  4 bats
  10 endoplasms
  5 giant cockroaches
  6 goblins
  4 hobgoblins
  12 jackals
  8 kobolds
  4 quokkas
  9 ball pythons
  3 frilled lizards (D:3)
  4 rats
222 creatures vanquished.

Vanquished Creatures (others)
  66 plants (D:4)
  A withered plant (D:7)
67 creatures vanquished.

Grand Total: 289 creatures vanquished

Notes
Turn   | Place    | Note
-------+----------+-------------------------------------------
     0 | D:1      | boopmooplesden the Minotaur Fighter began the quest for the
                  | Orb.
     0 | D:1      | Reached XP level 1. HP: 19/19 MP: 0/0
   143 | D:1      | Reached XP level 2. HP: 20/27 MP: 1/1
   823 | D:2      | Reached skill level 3 in Long Blades
   874 | D:2      | Reached XP level 3. HP: 33/33 MP: 2/2
  1741 | D:2      | Reached XP level 4. HP: 15/40 MP: 3/3
  2150 | D:3      | Reached skill level 4 in Long Blades
  2413 | D:3      | Noticed a bullfrog
  2416 | D:3      | Killed a bullfrog
  2417 | D:3      | Reached XP level 5. HP: 28/47 MP: 4/4
  2638 | D:3      | Found a faded altar of an unknown god.
  2703 | D:3      | Reached skill level 5 in Armour
  2891 | D:4      | Reached skill level 5 in Fighting
  2999 | D:4      | Reached XP level 6. HP: 33/56 MP: 5/5
  3181 | D:4      | Reached skill level 5 in Long Blades
  3296 | D:4      | Found an opulent altar of Gozag.
  3322 | D:4      | HP: 2/56 [something (3)]
  3643 | D:4      | Found an ancient bone altar of Kikubaaqudgha.
  3745 | D:4      | Found a staircase to the Ecumenical Temple.
  3761 | Temple   | Entered the Ecumenical Temple
  4192 | D:4      | Reached XP level 7. HP: 61/61 MP: 6/6
  4436 | D:5      | Entered Level 5 of the Dungeon
  4508 | D:5      | Reached skill level 6 in Long Blades
  4508 | D:5      | Reached skill level 1 in Stealth
  4516 | D:5      | Reached skill level 1 in Dodging
  4896 | D:5      | Noticed Menkaure
  4911 | D:5      | Killed Menkaure
  4912 | D:5      | Reached XP level 8. HP: 22/70 MP: 7/7
  4922 | D:5      | Reached skill level 5 in Shields
  5300 | D:5      | Reached skill level 7 in Long Blades
  5729 | D:5      | Found an iron altar of Okawaru.
  5737 | D:5      | Became a worshipper of Warmaster Okawaru
  5992 | D:6      | Noticed Duvessa
  5992 | D:6      | Noticed Dowan
  6004 | D:6      | Killed Duvessa
  6009 | D:6      | Killed Dowan
  6490 | D:6      | Found a white marble altar of Elyvilon.
  6905 | D:6      | Reached * piety under Okawaru
  6964 | D:6      | Reached skill level 8 in Long Blades
  7236 | D:6      | Reached XP level 9. HP: 75/78 MP: 8/8
  7318 | D:6      | Found a blossoming altar of Fedhas.
  7531 | D:6      | Found a faded altar of an unknown god.
  7540 | D:6      | Found a hazy altar of Hepliaklqana.
  7743 | D:7      | Reached ** piety under Okawaru
  7960 | D:7      | Reached skill level 9 in Long Blades
  7963 | D:7      | Noticed a komodo dragon
  7970 | D:7      | Killed a komodo dragon
  8276 | D:7      | Found a burning altar of Makhleb.
  8396 | D:7      | Reached skill level 10 in Long Blades
  8833 | D:7      | Found a snail-covered altar of Cheibriados.
  8908 | D:7      | Reached XP level 10. HP: 86/86 MP: 6/9
  9220 | D:7      | Found a sacrificial altar of Ru.
  9319 | D:8      | Reached *** piety under Okawaru
  9445 | D:8      | Found a staircase to the Lair.
  9795 | D:8      | Noticed a two-headed ogre
  9805 | D:8      | Killed a two-headed ogre
 10151 | D:8      | Identified the +1 dagger "Nuimy" {vorpal, rElec}
 10294 | D:9      | Noticed Grum
 10306 | D:8      | HP: 4/88 [wolf[Grum] (6)]
 10312 | D:8      | Reached skill level 10 in Armour
 10671 | D:9      | Killed Grum
 10672 | D:9      | Reached skill level 1 in Invocations
 11079 | D:9      | Reached skill level 11 in Long Blades
 11120 | D:9      | Reached **** piety under Okawaru
 11481 | D:9      | Found a stormy altar of Qazlal.
 11615 | D:9      | Noticed Erica
 11624 | D:9      | Killed Erica
 11811 | D:9      | Reached skill level 10 in Shields
 11819 | D:9      | Reached XP level 11. HP: 95/95 MP: 11/11
 11969 | D:9      | Reached ***** piety under Okawaru
 11978 | D:9      | Reached skill level 12 in Long Blades
 12072 | D:10     | Entered Level 10 of the Dungeon
 12193 | D:10     | Found a radiant altar of Vehumet.
 12199 | D:10     | Noticed Fannar
 12232 | D:10     | Noticed a two-headed ogre
 12236 | D:10     | HP: 3/95 [orc priest/divine providence (12)]
 12237 | D:10     | Gained mutation: You have a pair of large horns on your
                  | head. [potion of mutation]
 12237 | D:10     | Gained mutation: You are occasionally teleported next to
                  | monsters. [potion of mutation]
 12237 | D:10     | Gained mutation: You have sharp fingernails. [potion of
                  | mutation]
 12238 | D:10     | Killed from afar by an orc priest

Illustrated notes

Levels and vault maps discovered:
D:1:      shiori_shiawase, layout_loops_ring
D:2:      layout_loops_corners, minmay_misc_feat_secret_circle,
          serial_park_tiny_1
D:3:      layout_loops_ring, shapermc_ecumenical_altar_petra,
          kennysheep_generic_room_12
D:4:      kennysheep_spiral_hall, layout_loops_ring,
          mainiacjoe_overflow_catch_the_wave, minmay_temple_entry_arrows,
          dk_noncrumbling_2
D:5:      layout_basic, kennysheep_okawaru_gauntlet, uniq_menkaure
D:6:      layout_loops_cross, elyvilon_altar_4,
          beargit_hepliaklqana_dungeon_heroes, fedhas_altar_4,
          portal_sewer_entry_e, st_stairs_8, uniq_duvessa
D:7:      minmay_opposing_rooms, layout_rooms, slow_altar_1,
          nicolae_ru_awakened_eye, lightli_temple_of_fire, serial_undead,
          serial_undead_f, serial_undead_a, serial_undead_e, serial_undead_c
D:8:      layout_gridville, lair_entry_dummy, minmay_misc_feat_alley,
          minmay_holes, minivault_14
D:9:      layout_loops_ring, nicolae_qazlal_style_of_elements, uniq_erica,
          uniq_grum
D:10:     layout_long_grid, vehumet_crystals, gammafunk_ghost_arena,
          serial_shops, nicolae_shop_stone, uniq_fannar, uniq_josephine
Temple:   grunt_temple_mini_profane

Skill      XL: |  1  2  3  4  5  6  7  8  9 10 11 |
---------------+----------------------------------+-----
Armour         | 4 5 7 8 9 10 | 10.9
Fighting       | 4 5 6 7 8 |  8.5
Long Blades    | 3 4 5 6 8 10 11 12 | 12.0
Shields        | 4 6 8 10 | 10.4
Stealth        | 1 |  1.4
Dodging        | 1 3 |  3.9
Invocations    | 2 |  2.0
Throwing       | |  0.3

Action                   |  1- 3 |  4- 6 |  7- 9 | 10-12 || total
-------------------------+-------+-------+-------+-------++-------
Melee: Long sword        |    74 |   131 |   278 |   200 ||   683
       Headbutt          |    10 |    16 |    46 |    44 ||   116
Throw: Javelin           |       |       |     4 |     1 ||     5
Invok: Heroism           |       |       |     7 |     7 ||    14
  Use: Scroll            |     7 |       |    10 |     4 ||    21
       Potion            |       |     1 |     1 |     2 ||     4
Armor: Scale mail        |    28 |    69 |    88 |       ||   185
       Chain mail        |       |       |    15 |    10 ||    25
       Plate armour      |       |       |       |    69 ||    69
Dodge: Dodged            |    30 |    65 |    80 |    68 ||   243
       Repelled          |       |     2 |     1 |     1 ||     4
Block: Buckler           |    18 |    38 |     5 |       ||    61
       Tower shield      |       |       |   227 |   183 ||   410
